 Dungeon Crawl Stone Soup version 0.22-a0-348-gd16d139 (webtiles) character file.

427 b5mith the Insei (level 6, -7/47 HPs)
             Began as a Gnoll Transmuter on Apr 8, 2018.
             Killed by divine providence
             ... invoked by an orc priest
              (11 damage)
             ... on level 4 of the Dungeon.
             The game lasted 00:13:14 (4430 turns).

b5mith the Insei (Gnoll Transmuter)                 Turns: 4430, Time: 00:13:15

Health: -7/47      AC:  2    Str: 14    XL:     6   Next: 97%
Magic:  10/14      EV: 24    Int: 16    God:
Gold:   155        SH:  0    Dex: 20    Spells: 9/15 levels left

rFire    . . .     SeeInvis .     - Unarmed
rCold    . . .     Gourm    .   (shield currently unavailable)
rNeg     + . .     Faith    .   (armour currently unavailable)
rPois    x         Spirit   .   (helmet currently unavailable)
rElec    .         Reflect  .   (cloak currently unavailable)
rCorr    .         Harm     .   (gloves currently unavailable)
MR       +....                  (boots currently unavailable)
Stlth    ++........             (no amulet)
HPRegen  0.15/turn              n - ring of protection from magic
MPRegen  0.14/turn              l - ring of positive energy

@: spider-form, flying
A: tiny, distributed training, strong nose
a: End Transformation


You were on level 4 of the Dungeon.
You were not hungry.
You were a venomous arachnid creature.
You visited 1 branch of the dungeon, and saw 4 of its levels.

You collected 155 gold pieces.

Inventory:

Hand Weapons
 k - a +0 vampiric trident
   (You took it off an orc on level 4 of the Dungeon)
 u - a +1 war axe of freezing (melded)
   (You took it off an orc on level 4 of the Dungeon)
Missiles
 a - 84 arrows
 s - 6 javelins (quivered)
Armour
 b - a +0 robe (melded)
 m - a +0 pair of gloves (melded)
   (You found it on level 2 of the Dungeon)
Jewellery
 h - an uncursed ring of fire
   (You found it on level 1 of the Dungeon)
 l - a ring of positive energy (right front leg)
   (You found it on level 2 of the Dungeon)
 n - a ring of protection from magic (left front leg)
   (You took it off a hobgoblin on level 2 of the Dungeon)
 r - an uncursed ring of flight
   (You found it on level 3 of the Dungeon)
Scrolls
 c - a scroll of teleportation {unknown}
 e - 4 scrolls of remove curse {unknown}
 f - a scroll of fear
 i - a scroll of magic mapping {unknown}
 j - 4 scrolls of identify {unknown}
 p - a scroll of noise
 q - a scroll of blinking {unknown}
 x - a scroll of fog {unknown}
Potions
 g - 2 potions of heal wounds
 o - a potion of might {unknown}
 v - a potion of curing {unknown}
 w - a potion of agility {unknown}
Comestibles
 d - 5 rations


   Skills:
 + Level 3.3 Fighting
 + Level 2.1 Short Blades
 + Level 2.1 Long Blades
 + Level 2.1 Axes
 + Level 2.1 Maces & Flails
 + Level 2.1 Polearms
 + Level 2.1 Staves
 + Level 2.1 Slings
 + Level 2.1 Bows
 + Level 2.1 Crossbows
 + Level 2.1 Throwing
 + Level 2.1 Armour
 + Level 5.0 Dodging
 + Level 2.1 Stealth
 + Level 2.1 Shields
 + Level 6.9 Unarmed Combat
 + Level 5.4 Spellcasting
 + Level 1.7 Conjurations
 + Level 1.7 Hexes
 + Level 1.7 Charms
 + Level 1.7 Summonings
 + Level 1.7 Necromancy
 + Level 1.7 Translocations
 + Level 4.2 Transmutations
 + Level 1.7 Fire Magic
 + Level 1.7 Ice Magic
 + Level 1.7 Air Magic
 + Level 1.7 Earth Magic
 + Level 1.7 Poison Magic
 + Level 2.3 Invocations
 + Level 2.1 Evocations


You had 9 spell levels left.
You knew the following spells:

 Your Spells              Type           Power        Failure   Level  Hunger
a - Beastly Appendage     Tmut           ###...       10%         1    None
b - Sticks to Snakes      Tmut           ###.....     12%         2    #......
c - Spider Form           Tmut/Pois      ##........   30%         3    ###....


Dungeon Overview and Level Annotations

Branches:
Dungeon (4/15)
 Temple: D:4-7

Altars:
Wu Jian
Xom
The Shining One


Innate Abilities, Weirdness & Mutations

Your experience applies equally to all skills.
((You have very sharp teeth.))
Your uncanny sense of smell can sniff out nearby items.


Message History

Confirm with . or Enter, or press ? or * to list all spells.
You create a snake!
You now have 84 arrows.
The orc priest invokes the aid of Beogh against you.
Beogh smites you!
* * * LOW HITPOINT WARNING * * *
Something hits your ball python.
Casting: Sticks to Snakes (safe; 4% risk of failure)
Confirm with . or Enter, or press ? or * to list all spells.
You turn into a venomous arachnid creature.
Your +1 war axe of freezing melds into your body.
Your +0 pair of gloves melds into your body.
Your +0 robe melds into your body.
Your +1 war axe of freezing stops glowing.
Something hits your ball python but does no damage.
Your ball python barely misses something.
You swap places.
You hear some strange, mumbled words.
A puff of flame appears from out of thin air!
The puff of flame misses you.
The puff of flame hits your ball python.
Your ball python dies!
You barely miss something.
You hear some strange, mumbled words.
You bite something!
Reactivating autopickup.
You feel a bit more experienced.
The orc priest casts a cantrip, but nothing happens.
The orc misses you.
Things that are here:
a dagger; a robe You hit the orc but do no damage.
The orc misses you.
You hit the orc but do no damage.
The orc is poisoned.
The orc barely misses you.
You closely miss the orc. The orc completely misses you.
You hit the orc but do no damage.
The orc looks as sick as possible!
You bite the orc!
You kill the orc!
The orc priest invokes the aid of Beogh against you.
Beogh smites you!
* * * LOW HITPOINT WARNING * * *
Things that are here:
a war axe; a leather armour; an orc corpse You bite the orc priest!
The orc priest is severely wounded.
The orc priest misses you.
You barely miss the orc priest.
The orc priest is severely wounded.
The orc priest calls down the wrath of Beogh upon you.
Beogh smites you!
You die...

...#.......#...##...##.......#.#.
...'.......'...#########.........
####.......#...#..o..†.......#.#.
#.......#...#.##########......
#.......#...#.#......# #####..
###.######..#.#......>. #.. #.#
#..#.#......... #o. # #.#
#..#o#......... #o. # #.#
#..#s#......... #.o # #.#
#..#)#......... .o # #.#
#..#.#...#+# # #.# #..#.# .##
#############..######
...............##...#
....................#
....................#
#############.......#


You could see 2 orc priests.

Vanquished Creatures
  A howler monkey (D:4)
  A hound (D:4)
  A centaur skeleton (D:4)
  An orc priest (D:3)
  2 orc wizards (D:4)
  2 worker ants
  A hound skeleton (D:4)
  6 adders
  3 gnolls (D:2)
  3 oozes
  2 worms
  3 dart slugs
  3 leopard geckos (D:4)
  14 orcs
  10 bats
  2 giant cockroaches
  2 goblins (D:2)
  4 hobgoblins
  7 kobolds
  2 quokkas
  2 ball pythons
  4 frilled lizards
  A leopard gecko skeleton (D:4)
  12 rats
89 creatures vanquished.

Notes
Turn   | Place    | Note
-------+----------+-------------------------------------------
     0 | D:1      | b5mith the Gnoll Transmuter began the quest for the Orb.
     0 | D:1      | Reached XP level 1. HP: 17/17 MP: 6/6
   261 | D:1      | Reached XP level 2. HP: 20/23 MP: 7/7
   645 | D:2      | Found a shimmering altar of Xom.
   647 | D:2      | Found a shimmering altar of Xom.
   879 | D:2      | Reached XP level 3. HP: 24/28 MP: 9/9
   883 | D:2      | Reached skill level 5 in Spellcasting
   923 | D:2      | Reached skill level 1 in Invocations
  1117 | D:2      | Reached skill level 1 in Short Blades
  1117 | D:2      | Reached skill level 1 in Long Blades
  1117 | D:2      | Reached skill level 1 in Axes
  1117 | D:2      | Reached skill level 1 in Maces & Flails
  1117 | D:2      | Reached skill level 1 in Polearms
  1117 | D:2      | Reached skill level 1 in Staves
  1117 | D:2      | Reached skill level 1 in Slings
  1117 | D:2      | Reached skill level 1 in Bows
  1117 | D:2      | Reached skill level 1 in Crossbows
  1117 | D:2      | Reached skill level 1 in Throwing
  1117 | D:2      | Reached skill level 1 in Armour
  1117 | D:2      | Reached skill level 1 in Stealth
  1117 | D:2      | Reached skill level 1 in Shields
  1117 | D:2      | Reached skill level 1 in Evocations
  1129 | D:2      | Learned a level 2 spell: Sticks to Snakes
  1133 | D:2      | Learned a level 3 spell: Spider Form
  1172 | D:2      | Reached XP level 4. HP: 34/34 MP: 11/11
  1327 | D:2      | Reached skill level 1 in Conjurations
  1327 | D:2      | Reached skill level 1 in Hexes
  1327 | D:2      | Reached skill level 1 in Charms
  1327 | D:2      | Reached skill level 1 in Summonings
  1327 | D:2      | Reached skill level 1 in Necromancy
  1327 | D:2      | Reached skill level 1 in Translocations
  1327 | D:2      | Reached skill level 1 in Fire Magic
  1327 | D:2      | Reached skill level 1 in Ice Magic
  1327 | D:2      | Reached skill level 1 in Air Magic
  1327 | D:2      | Reached skill level 1 in Earth Magic
  1327 | D:2      | Reached skill level 1 in Poison Magic
  1480 | D:2      | Found a glowing golden altar of the Shining One.
  1523 | D:2      | Found a shimmering altar of Xom.
  1526 | D:2      | Found a shimmering altar of Xom.
  2144 | D:3      | Reached XP level 5. HP: 40/40 MP: 12/12
  2451 | D:3      | Found an ornate altar of the Wu Jian Council.
  3284 | D:4      | Reached XP level 6. HP: 29/47 MP: 13/13
  3530 | D:4      | Reached skill level 5 in Dodging
  4430 | D:4      | Killed from afar by an orc priest

Vault maps used:
D:1:      grunt_arrival_lava_bath
D:2:      tso_oasis_becter, xom_redecorated
D:3:      overflow_temple_1_default
D:4:      serial_co_window_serial, co_window_cross_1, co_window_corner_a,
          co_window_cross_1, co_window_paths_b, co_window_paths_a,
          co_window_paths_b, co_window_corner_cb, co_window_broadway_b,
          co_window_broadway_c, co_window_corner_cb, glass_columns_c,
          glass_columns_a, glass_columns_a, glass_columns_b, glass_columns_c,
          uniq_crazy_yiuf_cottage

Skill      XL: |  1  2  3  4  5  6 |
---------------+-------------------+-----
Spellcasting   | 5 |  5.4
Invocations    | 1 2 |  2.3
Short Blades   | 1 2 |  2.1
Long Blades    | 1 2 |  2.1
Axes           | 1 2 |  2.1
Maces & Flails | 1 2 |  2.1
Polearms       | 1 2 |  2.1
Staves         | 1 2 |  2.1
Slings         | 1 2 |  2.1
Bows           | 1 2 |  2.1
Crossbows      | 1 2 |  2.1
Throwing       | 1 2 |  2.1
Armour         | 1 2 |  2.1
Stealth        | 1 2 |  2.1
Shields        | 1 2 |  2.1
Evocations     | 1 2 |  2.1
Conjurations   | 1 |  1.7
Hexes          | 1 |  1.7
Charms         | 1 |  1.7
Summonings     | 1 |  1.7
Necromancy     | 1 |  1.7
Translocations | 1 |  1.7
Fire Magic     | 1 |  1.7
Ice Magic      | 1 |  1.7
Air Magic      | 1 |  1.7
Earth Magic    | 1 |  1.7
Poison Magic   | 1 |  1.7
Fighting       | 3 |  3.3
Transmutations | 4 |  4.2
Dodging        | 5 |  5.0
Unarmed Combat | |  6.9

Action                   |  1- 3 |  4- 6 || total
-------------------------+-------+-------++-------
Melee: Unarmed           |    46 |   171 ||   217
       Bite              |     8 |    16 ||    24
       Kick              |     1 |     1 ||     2
       Punch             |       |     4 ||     4
       Headbutt          |       |     2 ||     2
       War axe           |       |    57 ||    57
 Cast: Beastly Appendage |     2 |     2 ||     4
       Spider Form       |     1 |     1 ||     2
       Sticks to Snakes  |       |     2 ||     2
  Use: Scroll            |       |     2 ||     2
       Potion            |       |     2 ||     2
 Stab: Sleeping          |       |     6 ||     6
       Distracted        |       |     1 ||     1
  Eat: Chunk             |     1 |    10 ||    11
Armor: Robe              |     5 |    30 ||    35
Dodge: Dodged            |    22 |   176 ||   198

Table legend:
 A = Spawn XP
 B = Non-spawn XP
 C = Spawn XP percentage of total XP
 D = Spawn monster count
 E = Non-spawn monster count
 F = Spawn count percentage of total count
 G = Total turns spent on level
                    A         B        C        D         E        F      G
               +---------+---------+-------+---------+---------+-------+---------
         Total |       0 |     611 |   0.0 |       0 |      89 |   0.0 |  4430
               +---------+---------+-------+---------+---------+-------+---------
           D:1 |       0 |      18 |   0.0 |       0 |       9 |   0.0 |   634
           D:2 |       0 |     142 |   0.0 |       0 |      28 |   0.0 |  1473
           D:3 |       0 |     136 |   0.0 |       0 |      29 |   0.0 |  1113
           D:4 |       0 |     315 |   0.0 |       0 |      23 |   0.0 |  1210
               +---------+---------+-------+---------+---------+-------+---------
